 Dungeon Crawl Stone Soup version 0.30-a0-1016-gfb0d676c02 (webtiles) character file.

Game seed: 17373216843761375391

4 Dragandan the Poker (level 1, -2/14 HPs)
             Began as a Hill Orc Wanderer on May 17, 2021.
             Frozen to death by an endoplasm (4 damage)
             ... on level 1 of the Dungeon on Apr 6, 2023.
             The game lasted 00:05:53 (78 turns).

Dragandan the Poker (Hill Orc Wanderer)               Turns: 78, Time: 00:05:54

Health: -2/14      AC:  2    Str: 15    XL:     1   Next: 60%
Magic:  1/1        EV: 11    Int:  9    God:
Gold:   38         SH:  0    Dex: 12    Spells: 0/0 levels left

rFire   . . .      SeeInvis .    a - +2 spear
rCold   . . .      Faith    .    (no shield)
rNeg    . . .      Spirit   .    e - +0 robe
rPois   .          Reflect  .    (no helmet)
rElec   .          Rampage  .    (no cloak)
rCorr   .                        (no gloves)
Will    .....                    (no boots)
Stlth   ++                       (no amulet)
HPRegen 0.22/turn                (no ring)
MPRegen 0.07/turn                (no ring)

@: no status effects
A: no striking features
a: no special abilities


You were on level 1 of the Dungeon.
You visited 1 branch of the dungeon, and saw 1 of its levels.

You collected 38 gold pieces.

Inventory:

Hand Weapons
 a - a +2 spear (weapon)
 d - a +0 dagger
Missiles
 c - 8 poisoned darts (quivered)
Armour
 e - a +0 robe (worn)
Scrolls
 f - a scroll of magic mapping {unknown}
Potions
 b - a potion of lignification


   Skills:
 + Level 1.1 Maces & Flails
 + Level 4.6 Polearms
 + Level 1.0 Throwing
 + Level 2.1 Armour
 + Level 1.0 Dodging
 + Level 1.0 Stealth


You couldn't memorise any spells.
You didn't know any spells.
Your spell library was empty.

Dungeon Overview and Level Annotations

Branches:
Dungeon (1/15)

Altars:


Message History

You now have 38 gold pieces (gained 14).
You hit the giant cockroach.
The giant cockroach is moderately wounded.
The giant cockroach bites you.
You hit the giant cockroach.
The giant cockroach is severely wounded.
The giant cockroach closely misses you.
You hit the giant cockroach but do no damage.
The giant cockroach is severely wounded.
The giant cockroach bites you.
You completely miss the giant cockroach.
The giant cockroach is severely wounded.
The giant cockroach closely misses you.
You closely miss the giant cockroach.
The giant cockroach is severely wounded.
The giant cockroach barely misses you.
You hit the giant cockroach.
You kill the giant cockroach!
An endoplasm comes into view.
The endoplasm quivers.
There are monsters nearby!
The endoplasm quivers.
The rat barely misses you. The endoplasm attacks as you move away!
The endoplasm completely misses you. The rat bites you.
The rat attacks as you move away! The rat closely misses you.
The endoplasm freezes you.
You are frozen.
The endoplasm attacks as you move away! The endoplasm hits you.
The rat attacks as you move away! The rat bites you.
The endoplasm attacks as you move away! The endoplasm hits you.
The rat attacks as you move away! The rat bites you.
* * * LOW HITPOINT WARNING * * *
The endoplasm attacks as you move away! The endoplasm hits you.
* * * LOW HITPOINT WARNING * * *
You hit the endoplasm. Your punch misses the endoplasm.
The endoplasm is severely wounded.
The endoplasm freezes you.
You are frozen.
You die...

#..........# #..........#
#..........####### #####
##...............# #....
#...).........##.##########.#..
#..........##...............#..
...........J.###...#######..#..
.............###.#..†.......#..
............rJ@.............#..
....####.....#....####......#..
###. ###......####...#.#..#.. #
###..####....##.##.#.. ####
....###.##.#.. ..............
#............. ## ...........
##.........


You could see 2 endoplasms and a rat.

Vanquished Creatures
  A ball python (D:1)
  An endoplasm (D:1)
  A giant cockroach (D:1)
3 creatures vanquished.

Notes
Turn   | Place    | Note
-------+----------+-------------------------------------------
     0 | D:1      | Dragandan the Hill Orc Wanderer began the quest for the
                  | Orb.
     0 | D:1      | Dragandan set off with the following items: a +2 spear, a
                  | potion of lignification, 8 poisoned darts, a +0 dagger, a
                  | +0 robe
     0 | D:1      | Reached XP level 1. HP: 14/14 MP: 1/1
     0 | D:1      | Upgraded the game from 0.27-a0-1181-g5f64966fcc to
                  | 0.30-a0-1016-gfb0d676c02
    78 | D:1      | Frozen to death by an endoplasm

Illustrated notes

Levels and vault maps discovered:
D:1:      minmay_arrival_semitransparent, layout_rooms,
          hellmonk_ecumenical_altar_dog_temple, minmay_misc_feat_x

Action                     || total
---------------------------++-------
  Melee: Spear             ||    10
  Dodge: Dodged            ||     8

Table legend: (Time is in decaauts)
 A = Elapsed time spent in this place.
 B = Non-inter-level travel time spent in this place.
 C = Inter-level travel time spent in this place.
 D = Time resting spent in this place.
 E = Time spent auto-exploring this place.
 F = Levels seen in this place.
 G = Mean time per level.
                   A        B        C        D        E       F      G
               +--------+--------+--------+--------+--------+-----+--------+
         Total |     76 |     40 |     36 |      0 |      0 |   1 |   76.0 |
       Dungeon |     76 |     40 |     36 |      0 |      0 |   1 |   76.0 |
               +--------+--------+--------+--------+--------+-----+--------+

Top non-repeatable levels by time:
     D:1: 76 daAuts
